 Dungeon Crawl Stone Soup version 0.32-a0-540-g866d13106e (webtiles) character file.

Game seed: 3719976743421467591

42 retardedninja the Covered (level 3, -2/33 HPs)
             Began as a Mountain Dwarf Fighter on Feb 28, 2024.
             Slain by Grinder (8 damage)
             ... on level 3 of the Dungeon.
             The game lasted 00:01:44 (1383 turns).

retardedninja the Covered (Mountain Dwarf Fighter)  Turns: 1383, Time: 00:01:44

Health: -2/33      AC:  7    Str: 20    XL:     3   Next: 33%
Magic:  3/3        EV:  9    Int:  8    God:
Gold:   148        SH:  4    Dex:  9    Spells: 2/2 levels left

rFire   . . .        a - +0 war axe
rCold   . . .        c - +0 buckler
rNeg    . . .        b - +0 scale mail
rPois   .            (no helmet)
rElec   .            (no cloak)
rCorr   .            (no gloves)
SInv    .            (no boots)
Will    .....        (no amulet) Stlth
                     (no ring)
HPRegen 0.25/turn    (no ring)
MPRegen 0.08/turn

%: no passive effects
@: no status effects
A: runic magic, artefact enchanting
a: no special abilities


You were on level 3 of the Dungeon.
You visited 1 branch of the dungeon, and saw 3 of its levels.

You collected 148 gold pieces.

Inventory:

Hand Weapons
 a - a +0 war axe (weapon)
Armour
 b - a +0 scale mail (worn)
 c - a +0 buckler (worn)
 g - a +0 hat
Jewellery
 i - an amulet of reflection
 k - a ring of wizardry
 n - a ring of fire
Scrolls
 e - 2 scrolls of vulnerability {unknown}
 f - 2 scrolls of teleportation {unknown}
 h - a scroll of torment {unknown}
 l - a scroll of silence {unknown}
 o - a scroll of butterflies {unknown}
Potions
 d - a potion of might
 j - a potion of heal wounds {unknown}
 m - a potion of attraction {unknown}


   Skills:
 + Level 3.7 Fighting
 + Level 3.1 Axes
 + Level 3.7 Armour
 + Level 3.7 Shields


You had 2 spell levels left.
You didn't know any spells.
Your spell library contained the following spells:

 Spells                   Type           Power      Damage    Failure   Level
 Blink                    Tloc           0%         N/A       71%         2
 Lesser Beckoning         Tloc           0%         N/A       71%         2
 Momentum Strike          Conj/Tloc      0%         3d8       71%         2
 Haunt                    Necr/Summ      0%         N/A       100%        7
 Borgnjor's Revivificati  Necr           0%         N/A       100%        8
 Death's Door             Necr           0%         N/A       100%        9


Dungeon Overview and Level Annotations

Branches:
Dungeon (3/15)

Altars:

Annotations:
D:3 Grinder


Innate Abilities, Weirdness & Mutations

Your spellcasting is much less encumbered by armour.
You can use scrolls of enchantment on lesser artefacts.


Message History

You hit the ball python.
You kill the ball python!
No target in view!
No target in view!
No target in view!
No target in view!
No target in view!
No target in view!
No target in view!
No target in view!
No target in view!
No target in view!
HP restored.
You hear the slow rusting of a very distant drain.
Key pressed, stopping explore.
Key pressed, stopping explore.
Grinder comes into view.
Found 13 gold pieces.
Grinder shouts!
Grinder is nearby!
Grinder says, "Just stop there for a second..."
Grinder says, "I used to sell toenails on the black market."
You barely miss Grinder. Grinder hits you.
You writhe in agony.
You closely miss Grinder. You block Grinder's attack.
Grinder hits you but does no damage.
You closely miss Grinder. Grinder closely misses you.
You hit Grinder but do no damage.
Grinder blinks!
Found a trident.
Grinder gestures at you.
You suddenly lose the ability to move!
Grinder hits you but does no damage. Grinder hits you!
You writhe in agony.
You can move again.
You hit Grinder but do no damage. Grinder gestures at you.
Pain shoots through your body!
* * * LOW HITPOINT WARNING * * *
You closely miss Grinder. Grinder hits you!
You die...
Grinder says, "Now the real fun starts!"

#....##########.#
#.#### #.# #.#
#.# ####### #.#
#####.##.......
#.#
#..............
..#
#.###..#..##..#
### #..#..# ##
#..#..# .#
#.@...# .....
.......5....#
.####
..............)
##
...........$##.
....#..#...##
#...#.. ##.# #..
#.. .. ## ... .#.


You could see Grinder.

Vanquished Creatures
  An adder (D:3)
  A dart slug (D:2)
  5 ball pythons
  3 endoplasms
  A giant cockroach (D:2)
  6 goblins
  4 hobgoblins
  A quokka (D:2)
  2 kobolds
  4 rats
28 creatures vanquished.

Notes
Turn   | Place    | Note
-------+----------+-------------------------------------------
     0 | D:1      | retardedninja the Mountain Dwarf Fighter began the quest
                  | for the Orb.
     0 | D:1      | Reached XP level 1. HP: 19/19 MP: 1/1
    97 | D:1      | Reached XP level 2. HP: 26/26 MP: 2/2
   213 | D:1      | You fall into a shaft and drop 1 floor!
  1037 | D:2      | Reached XP level 3. HP: 31/31 MP: 3/3
  1371 | D:3      | Noticed Grinder
  1379 | D:3      | Paralysed by Grinder for 3 turns
  1383 | D:3      | Slain by Grinder

Illustrated notes

Levels and vault maps discovered:
D:1:      dpeg_arrival_tiny_f, layout_basic, feat_on_display
D:2:      layout_basic, hangedman_glass_teeth, chequers_serial_rivers_micro_b,
          chequers_mini_garden
D:3:      layout_loops_ring, chequers_ecumenical_altar_grove,
          gup_sewer_entry_glass, uniq_grinder, uniq_robin

Skill      XL: |  1  2 |
---------------+-------+-----
Axes           | 3 |  3.1
Fighting       | |  3.7
Armour         | |  3.7
Shields        | |  3.7

Action                     || total
---------------------------++-------
  Melee: War axe           ||    83
 Armour: Scale mail        ||    63
  Dodge: Dodged            ||    36
  Block: Buckler           ||    19

Table legend: (Time is in decaauts)
 A = Elapsed time spent in this place.
 B = Non-inter-level travel time spent in this place.
 C = Inter-level travel time spent in this place.
 D = Time resting spent in this place.
 E = Time spent auto-exploring this place.
 F = Levels seen in this place.
 G = Mean time per level.
                   A        B        C        D        E       F      G
               +--------+--------+--------+--------+--------+-----+--------+
         Total |   1414 |   1380 |     34 |      0 |   1146 |   3 |  471.3 |
       Dungeon |   1414 |   1380 |     34 |      0 |   1146 |   3 |  471.3 |
               +--------+--------+--------+--------+--------+-----+--------+

Top non-repeatable levels by time:
     D:2: 722 daAuts
     D:1: 553 daAuts
     D:3: 139 daAuts
